[Event "Team 45 45 League T46"]
[Site "Internet Chess Club"]
[Date "2010.08.29"]
[Round "4"]
[White "Zumbi"]
[Black "DavidBarnsley"]
[Result "1-0"]
[WhiteElo "1987"]
[BlackElo "1984"]
[Opening "French: Tarrasch"]
[ECO "C03"]
[Time "16:05:56"]
[TimeControl "2700+45"]

1. e4 e6 2. d4 d5 3. Nd2 Be7 4. e5 Nh6 5. Bd3 c5 6. c3 cxd4 7. cxd4 Nc6 8. Ne2
Nf5 9. Nf3 O-O 10. O-O f6 11. Bxf5 exf5 12. Qb3 g5 13. Re1 g4 14. exf6 gxf3 15.
fxe7 Qxe7 16. Qxd5+ Be6 17. Qxf3 Bc4 18. Be3 Rae8 19. d5 Ne5 20. Qg3+ Kh8 21.
Bd4 Rg8 22. Qc3 Rg4 23. f3 Rxg2+ 24. Kxg2 Qg5+ 25. Ng3 {Black resigns} 1-0

[Event "Team 45 45 League T46"]
[Site "Internet Chess Club"]
[Date "2010.08.28"]
[Round "4"]
[White "Morovon23"]
[Black "Turzo"]
[Result "1-0"]
[WhiteElo "2307"]
[BlackElo "2318"]
[Opening "QGD Slav: 4.Nc3"]
[ECO "D15"]
[Time "11:21:16"]
[TimeControl "2700+45"]

1. d4 d5 2. c4 c6 3. Nf3 Nf6 4. Nc3 a6 5. a4 Bf5 6. Qb3 Ra7 7. a5 e6 8. Qb6 Qxb6
9. axb6 Ra8 10. c5 Nbd7 11. e3 e5 12. b4 e4 13. Nh4 Be6 14. f4 exf3 15. Nxf3 Rb8
16. Bd3 Be7 17. O-O O-O 18. h3 Nh5 19. Ne2 f5 20. Nf4 Nxf4 21. exf4 Nf6 22. Ne5
Ne4 23. g4 Bf6 24. g5 Bxe5 25. fxe5 Rbe8 26. Kg2 Bc8 27. Ra3 Re6 28. h4 h6 29.
gxh6 gxh6 30. Kh2 Rg6 31. Ra2 Rf7 32. h5 Rg5 33. Bxg5 hxg5 34. Rg2 g4 35. Bxe4
dxe4 36. Kg3 Kh7 37. Kf4 Kh6 38. Rd2 Be6 39. Ra1 Rg7 40. b5 axb5 41. Ra8 Kxh5
42. Rh2+ Kg6 43. Rf8 Bf7 44. Rc8 b4 45. Rch8 Rg8 46. R8h7 {Black resigns} 1-0

[Event "Team 45 45 League T46"]
[Site "Internet Chess Club"]
[Date "2010.08.26"]
[Round "4"]
[White "izit"]
[Black "DTK"]
[Result "1-0"]
[WhiteElo "2237"]
[BlackElo "2176"]
[Opening "Benkö gambit accepted"]
[ECO "A58"]
[Time "15:32:16"]
[TimeControl "2700+45"]

1. d4 Nf6 2. c4 c5 3. d5 b5 4. cxb5 a6 5. bxa6 g6 6. Nc3 Bxa6 7. g3 d6 8. Bg2
Bg7 9. Nf3 O-O 10. O-O Nbd7 11. Rb1 Qa5 12. Qc2 Nb6 13. Nd2 Bb7 14. Rd1 Qa6 15.
Nf1 Rfb8 16. a3 Nfd7 17. Bg5 Nf6 18. e4 h6 19. Bf4 Nfd7 20. Nd2 c4 21. Nf3 Nc5
22. e5 Nd3 23. exd6 Nxf4 24. gxf4 exd6 25. f5 g5 26. Nd4 Nd7 27. Nc6 Re8 28. Ne4
Be5 29. Nxe5 Rxe5 30. Rd4 Rxd5 31. Qxc4 Rxd4 32. Qxd4 Bxe4 33. Bxe4 Rc8 34. Bg2
Rc4 35. Qd5 Nf6 36. Qa8+ Qxa8 37. Bxa8 Ra4 38. Bc6 Ra5 39. a4 Ra6 40. Bb5 Rb6
41. b4 Nd5 42. Rb3 Kg7 43. Kf1 h5 44. Ke2 Kf6 45. Kd3 Ke5 46. Kc4 Rb8 47. Bc6
Ne7 48. b5 Nxc6 49. Re3+ Kxf5 50. bxc6 Ra8 51. Kb5 d5 52. c7 d4 53. Re7 d3 54.
Rd7 {Black resigns} 1-0

[Event "Team 45 45 League T46"]
[Site "Internet Chess Club"]
[Date "2010.08.25"]
[Round "4"]
[White "YoniKer"]
[Black "jonesey"]
[Result "1/2-1/2"]
[WhiteElo "2204"]
[BlackElo "1977"]
[Opening "Giuoco Piano"]
[ECO "C44"]
[Time "07:00:51"]
[TimeControl "2700+45"]

1. e4 e5 2. Nf3 Nc6 3. d4 exd4 4. Bc4 Bc5 5. c3 Nf6 6. cxd4 Bb4+ 7. Bd2 Bxd2+ 8.
Nbxd2 d5 9. exd5 Nxd5 10. O-O O-O 11. Re1 Bg4 12. Qc2 Nb6 13. Bb3 Nxd4 14. Nxd4
Qxd4 15. h3 Bh5 16. Ne4 c6 17. Nc5 a5 18. a4 Bg6 19. Qc3 Qxc3 20. bxc3 Nd5 21.
Bxd5 cxd5 22. Nxb7 Rfc8 23. Rac1 Rc4 24. Nxa5 Rxa4 25. Nc6 Kf8 26. Re5 Rc4 27.
Ne7 d4 28. Nxg6+ hxg6 29. Rd5 Rac8 30. Rc2 dxc3 31. Rd3 Ke7 32. Re3+ Kd6 33.
Rd3+ Ke5 34. f3 f5 35. Kf2 R8c7 36. Kg3 g5 37. Kf2 R4c5 {Game drawn by mutual
agreement} 1/2-1/2

[Event "Team 45 45 League T46"]
[Site "Internet Chess Club"]
[Date "2010.08.28"]
[Round "4"]
[White "Qui"]
[Black "xakelari"]
[Result "0-1"]
[WhiteElo "1939"]
[BlackElo "2062"]
[Opening "Ruy Lopez: old Steinitz defense"]
[ECO "C62"]
[Time "10:05:35"]
[TimeControl "2700+45"]

1. e4 e5 2. Nf3 Nc6 3. Bb5 d6 4. d4 Bd7 5. Nc3 exd4 6. Nxd4 Nf6 7. Bxc6 bxc6 8.
O-O Be7 9. Qd3 O-O 10. h3 Re8 11. Re1 Bf8 12. Bf4 g6 13. Rad1 Nh5 14. Bc1 Bg7
15. f4 Bf8 16. Nf3 Ng7 17. Kh2 Ne6 18. g4 Nc5 19. Qf1 Bg7 20. e5 d5 21. Qf2 Nb7
22. Ng5 h6 23. Nf3 f5 24. gxf5 Bxf5 25. Rg1 Kh7 26. Nh4 Qd7 27. Rg3 Rg8 28. Be3
a6 29. Rd2 Bf8 30. Qg2 Rd8 31. Qf1 Ra8 32. Nxf5 Qxf5 33. Ne2 Bc5 34. Bd4 Raf8
35. Rb3 Qc8 36. Qf2 Be7 37. Rf3 c5 38. Bc3 d4 39. Nxd4 cxd4 40. Bxd4 Nd8 41. Bc3
Ne6 42. f5 gxf5 43. Rxf5 Ng5 44. e6 Qxe6 45. Re2 Rxf5 46. Qg2 Qxe2 47. Qxe2 Nf3+
48. Kh1 Rg1# {White checkmated} 0-1

[Event "Team 45 45 League T46"]
[Site "Internet Chess Club"]
[Date "2010.08.29"]
[Round "4"]
[White "NFork"]
[Black "vnchess"]
[Result "1-0"]
[WhiteElo "2252"]
[BlackElo "2259"]
[Opening "King's Indian: 4.e4"]
[ECO "E70"]
[Time "15:06:03"]
[TimeControl "2700+45"]

1. d4 Nf6 2. c4 g6 3. Nc3 Bg7 4. e4 d6 5. Bd3 O-O 6. Nge2 e5 7. d5 a5 8. O-O Na6
9. a3 c6 10. b4 axb4 11. axb4 Bg4 12. Ba3 Nc7 13. f3 Bd7 14. Qd2 Nfe8 15. Rfd1
f5 16. c5 fxe4 17. Bxe4 cxd5 18. Bxd5+ Nxd5 19. Qxd5+ Kh8 20. Qxb7 Rb8 21. Qd5
Qc8 22. Qd2 h5 23. cxd6 Kh7 24. Ne4 Qb7 25. Kh1 h4 26. Ng1 Bh6 27. Ng5+ Kg7 28.
Bc1 Rf4 29. N5h3 Nf6 30. Nxf4 Bxf4 31. Qf2 Qxb4 32. Bxf4 Qxf4 33. Ne2 Qf5 34. h3
g5 35. Qe3 Kh6 36. Ra5 Re8 37. Kg1 Nh5 38. Qe4 Qf6 39. Ra7 Bf5 40. Qc6 Rd8 41.
Rc7 Ng3 42. Nxg3 hxg3 43. d7 Kg7 44. Qxf6+ Kxf6 45. Rc6+ Ke7 46. Rd5 Ra8 47.
d8=Q+ Rxd8 48. Rxd8 Kxd8 49. Rc5 {Black resigns} 1-0

[Event "Team 45 45 League T46"]
[Site "Internet Chess Club"]
[Date "2010.08.29"]
[Round "4"]
[White "akdog3"]
[Black "zeigmata"]
[Result "1-0"]
[WhiteElo "2244"]
[BlackElo "2325"]
[Opening "QGD Slav: 4.e3"]
[ECO "D11"]
[Time "14:32:33"]
[TimeControl "2700+45"]

1. d4 d5 2. c4 c6 3. Nf3 Nf6 4. e3 g6 5. Nc3 Bg7 6. Be2 O-O 7. O-O Bg4 8. cxd5
cxd5 9. Qb3 b6 10. Bd2 Nc6 11. Rfc1 Na5 12. Qd1 e6 13. Ne5 Bxe2 14. Nxe2 Nd7 15.
Bxa5 bxa5 16. Nxd7 Qxd7 17. Rc5 Rfb8 18. Qc2 Qd8 19. Rc1 Bf8 20. Rc6 Rb6 21. Nf4
Rab8 22. Nd3 Qh4 23. Rc8 Qe4 24. Rxb8 Rxb8 25. Qc7 Rb5 26. Ne5 Qf5 27. b3 Ba3
28. g4 Qf6 29. Qc8+ Kg7 30. Rc7 {Black resigns} 1-0

[Event "Team 45 45 League T46"]
[Site "Internet Chess Club"]
[Date "2010.09.01"]
[Round "4"]
[White "pentti63"]
[Black "SlimeDog2"]
[Result "1/2-1/2"]
[WhiteElo "2223"]
[BlackElo "2163"]
[Opening "Grünfeld: modern exchange variation"]
[ECO "D85"]
[Time "15:13:18"]
[TimeControl "2700+45"]

1. d4 Nf6 2. c4 g6 3. Nc3 d5 4. cxd5 Nxd5 5. e4 Nxc3 6. bxc3 Bg7 7. Nf3 c5 8.
Rb1 b6 9. Be2 O-O 10. O-O Bb7 11. Qd3 Ba6 12. Qe3 Qd7 13. dxc5 Bxe2 14. Qxe2
bxc5 15. Qc4 Qc6 16. Bg5 Nd7 17. Qd5 Qxd5 18. exd5 Bxc3 19. Rb7 Nf6 20. Rc1 Nxd5
21. Bxe7 Rfc8 22. Rd7 Bf6 23. Bxf6 Nxf6 24. Rb7 Nd5 25. h4 Nf4 26. Kf1 Ne6 27.
Ne5 Nd8 28. Rb5 Ne6 29. Rb7 {Game drawn by mutual agreement} 1/2-1/2

[Event "Team 45 45 League T46"]
[Site "Internet Chess Club"]
[Date "2010.08.31"]
[Round "4"]
[White "Despair"]
[Black "saksipotku"]
[Result "0-1"]
[WhiteElo "1990"]
[BlackElo "2135"]
[Opening "Benko's opening"]
[ECO "A00"]
[Time "10:07:04"]
[TimeControl "2700+45"]

1. g3 e5 2. Bg2 Nf6 3. d4 exd4 4. Nf3 Bb4+ 5. Bd2 Bxd2+ 6. Qxd2 c5 7. O-O O-O 8.
c3 dxc3 9. Nxc3 d5 10. Qc2 Nc6 11. Rad1 Be6 12. Ng5 Nd4 13. Nxe6 fxe6 14. Qd2
Nc6 15. Qg5 Nd7 16. Qg4 Qe7 17. Bh3 Nd4 18. Rxd4 cxd4 19. Qxe6+ Qxe6 20. Bxe6+
Kh8 21. Nxd5 Nc5 22. Bg4 Rad8 23. Nf4 Rf6 24. Rc1 Rc6 25. Bf3 Rcc8 26. Bg4 Rc7
27. b4 Ne6 28. Rxc7 Nxc7 29. h4 Rd6 30. a4 Rc6 31. Kg2 Rc1 32. Bf5 Ra1 33. a5
Na6 34. Nd5 Rc1 35. e3 g6 36. Bd3 dxe3 37. fxe3 Nc7 38. Nf4 Rc3 39. Kf3 Rb3 40.
Be4 Rxb4 41. Bd3 Kg7 42. g4 Ra4 43. Be4 Rxa5 44. Bxb7 g5 45. hxg5 Rxg5 46. Be4
h6 47. Nh5+ Kf7 48. Ng3 Kf6 49. Bf5 Ke5 50. Ne4 Rg8 51. Nc5 a5 52. e4 Ra8 53.
Ke3 a4 54. Nd3+ Kd6 55. e5+ Ke7 56. Nb4 a3 57. Na2 Rb8 58. Bd3 Nd5+ 59. Ke4 Nb4
60. Bb1 Nxa2 61. Bxa2 Rb2 {White resigns} 0-1

[Event "Team 45 45 League T46"]
[Site "Internet Chess Club"]
[Date "2010.08.29"]
[Round "4"]
[White "easycure"]
[Black "Positron"]
[Result "0-1"]
[WhiteElo "2314"]
[BlackElo "2242"]
[Opening "QGD: semi-Slav"]
[ECO "D10"]
[Time "21:20:21"]
[TimeControl "2700+45"]

1. d4 d5 2. c4 c6 3. Nc3 e6 4. Nf3 Nd7 5. e4 dxe4 6. Nxe4 Ngf6 7. Nxf6+ Nxf6 8.
Bd3 Bd6 9. O-O O-O 10. Qe2 b6 11. b3 Bb7 12. Bb2 Re8 13. Rad1 Qc7 14. c5 Bf8 15.
Qc2 g6 16. Rfe1 Nd5 17. Be4 b5 18. Bc1 a5 19. a3 a4 20. b4 Rad8 21. Bg5 Rc8 22.
h4 Bg7 23. h5 Ne7 24. Qd2 Nd5 25. g3 f6 26. hxg6 fxg5 27. gxh7+ Kh8 28. Nxg5 Bh6
29. Bg6 Qg7 30. Nf7+ Qxf7 31. Qxh6 Qf6 32. Qh5 Rf8 33. Rd2 Rc7 34. Qe5 Rg7 35.
Bc2 Qxe5 36. Rxe5 Bc8 37. Be4 Bd7 38. Re2 Nc3 39. Re3 Nxe4 40. R3xe4 Rf6 41. Kg2
Kxh7 42. Rh4+ Kg8 43. f3 Be8 44. Rhe4 Bf7 45. Rh4 Kf8 46. Kf2 Ke7 47. g4 Bg6 48.
Ke3 Rgf7 49. Rh3 Bc2 50. g5 Rf5 51. Rxf5 Rxf5 52. Rh7+ Rf7 53. Rh6 Bf5 54. Kf4
Bc2+ 55. Ke3 Rh7 56. Rxh7+ Bxh7 57. Kf4 Bc2 58. Ke5 Bb3 59. g6 Bd5 60. f4 Bc4
61. f5 exf5 62. Kxf5 Bd5 63. Ke5 Kf8 64. Kf6 Kg8 65. Kg5 Kg7 66. Kf5 Bb3 {White
resigns} 0-1

[Event "Team 45 45 League T46"]
[Site "Internet Chess Club"]
[Date "2010.08.25"]
[Round "4"]
[White "Chatica"]
[Black "technika"]
[Result "1/2-1/2"]
[WhiteElo "2049"]
[BlackElo "2048"]
[Opening "Sicilian: Smith-Morra gambit"]
[ECO "B21"]
[Time "17:37:17"]
[TimeControl "2700+45"]

1. e4 c5 2. d4 cxd4 3. c3 Nc6 4. cxd4 d5 5. exd5 Qxd5 6. Nf3 Bg4 7. Be2 Nf6 8.
Nc3 Qa5 9. O-O e6 10. Qb3 Qb4 11. Qd1 Be7 12. a3 Qa5 13. Qb3 Bxf3 14. Bxf3 Nxd4
15. Qxb7 Nxf3+ 16. Qxf3 O-O 17. Be3 Rfd8 18. Rfd1 Rab8 19. b4 Rxd1+ 20. Qxd1 Qc7
21. Rc1 Rd8 22. Qe2 Qb7 23. Qb5 Qa8 24. h3 a6 25. Qa5 h6 26. Bc5 {Game drawn by
mutual agreement} 1/2-1/2

[Event "Team 45 45 League T46"]
[Site "Internet Chess Club"]
[Date "2010.08.29"]
[Round "4"]
[White "jorobo"]
[Black "Matusalen"]
[Result "1/2-1/2"]
[WhiteElo "2095"]
[BlackElo "2082"]
[Opening "English: four knights, kingside fianchetto"]
[ECO "A29"]
[Time "14:30:56"]
[TimeControl "2700+45"]

1. c4 e5 2. Nc3 Nc6 3. Nf3 Nf6 4. g3 g6 5. d4 exd4 6. Nxd4 Nxd4 7. Qxd4 Bg7 8.
Bg2 O-O 9. O-O d6 10. Qh4 Ng4 11. Bg5 Bf6 12. Bxf6 Qxf6 13. Qxf6 Nxf6 14. Rfd1
Re8 15. h3 Bd7 16. Rd2 Bc6 17. Nd5 Nxd5 18. cxd5 Bb5 19. e3 Re7 20. Rc1 Rc8 21.
b3 a5 22. a4 Ba6 23. Rdc2 Kg7 24. Rc3 f5 25. Bf1 Bxf1 26. Kxf1 h5 27. h4 Kf6 28.
Ke2 Ke5 29. Rd1 c5 30. dxc6 bxc6 31. Rd4 {Game drawn by mutual agreement}
1/2-1/2

[Event "Team 45 45 League T46"]
[Site "Internet Chess Club"]
[Date "2010.08.29"]
[Round "4"]
[White "Speedy-Reedy"]
[Black "noHz"]
[Result "1/2-1/2"]
[WhiteElo "1899"]
[BlackElo "2098"]
[Opening "French: exchange variation"]
[ECO "C01"]
[Time "13:12:24"]
[TimeControl "2700+45"]

1. e4 e6 2. d4 d5 3. exd5 exd5 4. h3 Nc6 5. Nf3 Bd6 6. c4 dxc4 7. Bxc4 Nf6 8.
Bg5 O-O 9. O-O h6 10. Bh4 Bf5 11. Nc3 g5 12. Bg3 Ne4 13. Bxd6 Qxd6 14. Bd3 Qg6
15. Nd5 Qd6 16. Ne3 Bg6 17. d5 Ne7 18. Nc4 Qxd5 19. Qe2 Ng3 20. Qxe7 Bxd3 21.
Ne3 Ne2+ 22. Kh1 Qd8 23. Qb4 Ba6 24. Rfd1 Qf6 25. Nd5 Qg7 26. Nxc7 Rab8 27. Nxa6
bxa6 28. Qc4 Rxb2 29. Rab1 Nf4 30. Rxb2 Qxb2 31. Rd2 Qb7 32. Kh2 Rc8 33. Qd4 a5
34. Qf6 Qb6 35. Qe7 a4 36. Rd7 Rf8 37. Rd2 Qb8 38. g3 Qa8 39. gxf4 Qxf3 40. Qf6
Qxf4+ 41. Qxf4 gxf4 42. Rd4 {Game drawn by mutual agreement} 1/2-1/2

[Event "Team 45 45 League T46"]
[Site "Internet Chess Club"]
[Date "2010.08.28"]
[Round "4"]
[White "Uwak"]
[Black "Terte"]
[Result "1-0"]
[WhiteElo "2446"]
[BlackElo "2032"]
[Opening "Sicilian: accelerated fianchetto, Maróczy bind"]
[ECO "B36"]
[Time "03:05:27"]
[TimeControl "2700+45"]

1. e4 c5 2. Nf3 Nc6 3. d4 cxd4 4. Nxd4 g6 5. c4 Nf6 6. Nc3 d6 7. Be2 Nxd4 8.
Qxd4 Bg7 9. Bd2 O-O 10. Qe3 a5 11. Na4 Nd7 12. h4 b6 13. Bc3 e5 14. O-O-O Qc7
15. h5 Rb8 16. hxg6 fxg6 17. Be1 Rd8 18. Nc3 Nf8 19. Nd5 Qb7 20. Qxb6 Qxb6 21.
Nxb6 Rxb6 22. Bxa5 Nd7 23. c5 dxc5 24. Bxb6 Rf8 25. Bc4+ Kh8 26. Bc7 Nf6 27. f3
Nh5 28. Rd8 Rxd8 29. Bxd8 Nf4 30. g3 Nh5 31. g4 Nf4 32. a4 Ne6 33. Bb6 Nd4 34.
a5 Bb7 35. a6 Ba8 36. Bd5 Nc6 37. Bxc5 {Black resigns} 1-0

[Event "Team 45 45 League T46"]
[Site "Internet Chess Club"]
[Date "2010.08.29"]
[Round "4"]
[White "TerryMalloy"]
[Black "MikeA"]
[Result "1/2-1/2"]
[WhiteElo "2011"]
[BlackElo "2147"]
[Opening "Sicilian: Pelikan, Chelyabinsk variation"]
[ECO "B33"]
[Time "20:17:50"]
[TimeControl "2700+45"]

1. e4 c5 2. Nf3 Nc6 3. d4 cxd4 4. Nxd4 Nf6 5. Nc3 e5 6. Ndb5 d6 7. Bg5 a6 8. Na3
b5 9. Nd5 Be7 10. Bxf6 Bxf6 11. c4 b4 12. Nc2 O-O 13. Be2 Rb8 14. Nxf6+ Qxf6 15.
Qd3 a5 16. O-O Be6 17. Qxd6 Rbc8 18. Qd2 Rfd8 19. Qe3 Rd7 20. Rad1 Nd4 21. Nxd4
exd4 22. Qc1 Qd8 23. Bd3 Qc7 24. b3 a4 25. Qd2 Qa5 26. Ra1 Ra7 27. f4 Rca8 28.
f5 axb3 29. fxe6 fxe6 30. Rfb1 Qa3 31. Rxb3 Qxb3 32. axb3 Rxa1+ 33. Bf1 Rf8 34.
Qd3 Rfxf1+ 35. Qxf1 Rxf1+ 36. Kxf1 e5 37. Ke2 Kf7 38. Kd3 Ke6 39. Ke2 h5 40. h4
g6 41. Kd3 Kd7 42. Ke2 Kc6 43. Kd3 Kc5 44. Ke2 Kd6 45. Kd2 Ke6 46. Ke2 {Game
drawn by mutual agreement} 1/2-1/2

[Event "Team 45 45 League T46"]
[Site "Internet Chess Club"]
[Date "2010.08.28"]
[Round "4"]
[White "screamingeagle"]
[Black "egyptiantiger"]
[Result "0-1"]
[WhiteElo "2013"]
[BlackElo "2175"]
[Opening "Sicilian: closed, 6.Be3"]
[ECO "B26"]
[Time "17:38:48"]
[TimeControl "2700+45"]

1. e4 c5 2. Nc3 Nc6 3. g3 g6 4. Bg2 Bg7 5. d3 d6 6. Be3 e5 7. Nge2 Nge7 8. Qd2
Nd4 9. h3 Be6 10. f4 h5 11. O-O O-O 12. Nd1 d5 13. Nc1 dxe4 14. dxe4 Qc8 15. Kh2
Rd8 16. Qf2 b6 17. f5 gxf5 18. exf5 Nexf5 19. Bxa8 Qxa8 20. Nb3 e4 21. Bxd4 cxd4
22. Qe2 Qb8 23. Rf4 h4 24. Qxe4 Nxg3 25. Qf3 Bd5 26. Qg4 Ne2 27. Qxe2 Qxf4+ 28.
Kg1 Rd6 29. Nf2 Qg3+ 30. Kf1 Bg2+ 31. Ke1 Re6 32. Qxe6 fxe6 {White resigns} 0-1

[Event "Team 45 45 League T46"]
[Site "Internet Chess Club"]
[Date "2010.08.28"]
[Round "4"]
[White "mcplayerus"]
[Black "perikitosax"]
[Result "1-0"]
[WhiteElo "2115"]
[BlackElo "2014"]
[Opening "QGD: 4.Nf3"]
[ECO "D37"]
[Time "10:35:56"]
[TimeControl "2700+45"]

1. d4 Nf6 2. Nf3 e6 3. c4 d5 4. Nc3 Be7 5. e3 O-O 6. Qb3 c6 7. Bd2 Nbd7 8. Rc1
b6 9. Qc2 Bb7 10. Bd3 c5 11. cxd5 exd5 12. O-O Bd6 13. h3 Rc8 14. Bf5 Re8 15.
Qa4 Bb8 16. b4 cxb4 17. Qxb4 g6 18. Bd3 Ne4 19. Rfd1 Ndf6 20. Be1 g5 21. Bb5 Re6
22. Ne2 Rxc1 23. Rxc1 h5 24. Qa4 g4 25. hxg4 hxg4 26. Ne5 Nh5 27. Bd7 Rh6 28.
Bxg4 Nhf6 29. Bh3 Kg7 30. Nf4 Ng5 31. Qc2 Qh8 32. Qf5 Nxh3+ 33. Nxh3 Rh5 34. Qf4
Qh7 35. Bb4 Ne4 36. Qxf7+ {Black resigns} 1-0

[Event "Team 45 45 League T46"]
[Site "Internet Chess Club"]
[Date "2010.09.01"]
[Round "4"]
[White "chiiwen"]
[Black "Vaigpertu"]
[Result "0-1"]
[WhiteElo "2104"]
[BlackElo "2299"]
[Opening "Sicilian defense"]
[ECO "B41"]
[Time "17:30:42"]
[TimeControl "2700+45"]

1. e4 c5 2. Nf3 e6 3. d4 cxd4 4. Nxd4 Qb6 5. Nb3 Nf6 6. Bd3 d6 7. Be3 Qc7 8. O-O
a6 9. a4 b6 10. f4 Nbd7 11. Qe2 Bb7 12. N1d2 Be7 13. c4 O-O 14. a5 bxa5 15. Nxa5
Rab8 16. Rfb1 Ba8 17. b4 Rfd8 18. b5 Nc5 19. Bf2 axb5 20. cxb5 Nxd3 21. Qxd3 Ng4
22. b6 Qd7 23. b7 Bxb7 24. Nxb7 Rxb7 25. Rxb7 Qxb7 26. Ra7 Nxf2 27. Qd4 Bf6 28.
Qxf6 Nh3+ 29. Kh1 gxf6 30. Rxb7 Nxf4 31. g3 Nd3 32. Kg2 Ra8 33. Kf3 Ne5+ 34. Ke2
Ra2 35. Rc7 Kg7 36. h3 Kg6 37. Ke3 Ra3+ 38. Kf2 Rd3 39. Nf1 h5 40. Ne3 Rd4
{White resigns} 0-1

[Event "Team 45 45 League T46"]
[Site "Internet Chess Club"]
[Date "2010.08.29"]
[Round "4"]
[White "Merciful"]
[Black "trevor21"]
[Result "1/2-1/2"]
[WhiteElo "2021"]
[BlackElo "2143"]
[Opening "French: Two knights variation"]
[ECO "C00"]
[Time "23:25:05"]
[TimeControl "2700+45"]

1. e4 e6 2. Nf3 d5 3. Nc3 Nf6 4. e5 Nfd7 5. d4 c5 6. dxc5 Nc6 7. Bf4 Bxc5 8. Bd3
f5 9. exf6 Nxf6 10. O-O O-O 11. Ne5 Bd6 12. Qe2 a6 13. Rae1 Qc7 14. Bg3 Nxe5 15.
Bxe5 Bxe5 16. Qxe5 Qxe5 17. Rxe5 Bd7 18. f3 {Game drawn by mutual agreement}
1/2-1/2

[Event "Team 45 45 League T46"]
[Site "Internet Chess Club"]
[Date "2010.08.30"]
[Round "4"]
[White "Bort"]
[Black "chess9793"]
[Result "0-1"]
[WhiteElo "2032"]
[BlackElo "2024"]
[Opening "Grünfeld: 4.Bf4"]
[ECO "D82"]
[Time "20:00:17"]
[TimeControl "2700+45"]

1. d4 Nf6 2. c4 g6 3. Nc3 d5 4. Bf4 Bg7 5. Rc1 Nh5 6. Bg5 h6 7. Bh4 dxc4 8. e3
Be6 9. Be2 Nf6 10. Nf3 c6 11. a4 Nbd7 12. Nd2 Nb6 13. a5 Nbd5 14. Nxc4 Nxc3 15.
bxc3 Bxc4 16. Bxc4 Qxa5 17. Qb3 O-O 18. Qxb7 g5 19. Bg3 e6 20. Qxc6 Rfc8 21. Qa6
Qb6 22. O-O Ne4 23. Ra1 Nd2 24. Be2 Nxf1 25. Kxf1 Qxa6 26. Bxa6 Rxc3 27. Bb7 Rd8
28. Rxa7 f5 29. Ra6 f4 30. exf4 Rxd4 31. Rxe6 gxf4 32. Bh4 Rc1+ 33. Ke2 f3+ 34.
Bxf3 Rxh4 35. h3 Rc2+ 36. Ke3 Ra4 37. Be2 Rc3+ 38. Kd2 Ra2+ 39. Ke1 Rc1+ 40. Bd1
Bc3+ 41. Kf1 Rxd1+ 42. Re1 Rxe1# {White checkmated} 0-1

[Event "Team 45 45 League T46"]
[Site "Internet Chess Club"]
[Date "2010.08.29"]
[Round "4"]
[White "b-spot"]
[Black "CREDITorDEBIT"]
[Result "1-0"]
[WhiteElo "1768"]
[BlackElo "1822"]
[Opening "Nimzo-Indian: classical variation"]
[ECO "E32"]
[Time "20:00:15"]
[TimeControl "2700+45"]

1. d4 Nf6 2. c4 e6 3. Nc3 Bb4 4. Qc2 O-O 5. a3 Bxc3+ 6. Qxc3 Ne4 7. Qc2 f5 8.
Nh3 b6 9. f3 Nd6 10. Bf4 Nc6 11. e3 h6 12. Bd3 g5 13. Bg3 Nf7 14. O-O-O d6 15.
Nf2 Ne7 16. h4 Kg7 17. hxg5 hxg5 18. Rh5 Rh8 19. Rdh1 Rxh5 20. Rxh5 Bd7 21. Qd1
Ng6 22. Qh1 Qf6 23. Rh7+ Kf8 24. Nh3 Ke7 25. f4 Rf8 26. Nxg5 Be8 27. Be2 Rh8 28.
Rxh8 Qxh8 29. Qxh8 Nfxh8 30. b4 Nf8 31. Kc2 Kf6 32. Kc3 e5 33. dxe5+ dxe5 34.
Nf3 e4 35. Ne5 c5 36. Bh4+ Ke6 37. b5 Nf7 38. Nxf7 Bxf7 39. Bd8 Kd6 40. g4 Be6
41. gxf5 Bxf5 42. Bh5 Nh7 43. a4 Kd7 44. Bh4 Nf8 45. Bf7 Ng6 46. Bf6 Ne7 47. Be5
Nc8 48. Bd5 Nd6 49. Kd2 Nc8 50. Bb8 Ne7 51. Bxa7 Nxd5 52. cxd5 Kc7 53. a5 bxa5
54. Bxc5 a4 55. Kc3 Bd7 56. b6+ Kb7 57. Kd4 a3 58. Bxa3 Kxb6 59. Kxe4 Kc7 60.
Ke5 Kd8 61. Kf6 Bg4 62. d6 Bf3 63. Ke5 Kd7 64. f5 Bh5 65. Kf6 Bf3 66. Kg7 Bd5
67. f6 Ke8 68. e4 Be6 69. e5 Bd5 70. d7+ Kxd7 71. f7 Bxf7 72. Kxf7 {Black
resigns} 1-0

[Event "Team 45 45 League T46"]
[Site "Internet Chess Club"]
[Date "2010.08.29"]
[Round "4"]
[White "isolani"]
[Black "GadsHill"]
[Result "1/2-1/2"]
[WhiteElo "1606"]
[BlackElo "1529"]
[Opening "Philidor: Improved Hanham variation"]
[ECO "B07"]
[Time "17:02:23"]
[TimeControl "2700+45"]

1. e4 d6 2. d4 Nf6 3. Nc3 Nbd7 4. Nf3 e5 5. Bc4 Be7 6. O-O O-O 7. Bg5 h6 8. Bh4
c6 9. dxe5 dxe5 10. Bg3 Qc7 11. Qe2 Nh5 12. Rad1 Nxg3 13. hxg3 b5 14. Bb3 Nc5
15. Nh4 b4 16. Nb1 Nxb3 17. axb3 g6 18. Nd2 a5 19. Nc4 Ba6 20. Qg4 Rad8 21. Nxg6
fxg6 22. Qxg6+ Kh8 23. Qxh6+ Kg8 24. Qg6+ {Game drawn by mutual agreement}
1/2-1/2

[Event "Team 45 45 League T46"]
[Site "Internet Chess Club"]
[Date "2010.08.27"]
[Round "4"]
[White "alaskauk"]
[Black "TheJaguar"]
[Result "1/2-1/2"]
[WhiteElo "1523"]
[BlackElo "1561"]
[Opening "Giuoco Piano"]
[ECO "C54"]
[Time "12:02:36"]
[TimeControl "2700+45"]

1. e4 e5 2. Nf3 Nc6 3. Bc4 Bc5 4. c3 Nf6 5. O-O Bb6 6. d3 h6 7. h3 d6 8. Re1 O-O
9. Nbd2 Be6 10. Nf1 Na5 11. Bb3 Nxb3 12. axb3 c5 13. c4 Ba5 14. Re2 Bb4 15. Ne3
a5 16. Nd5 Nxd5 17. exd5 Bf5 18. Be3 e4 19. dxe4 Bxe4 20. Ne1 Bg6 21. Nc2 Qf6
22. Nxb4 axb4 23. Ra4 Bh5 24. f3 Rxa4 25. bxa4 Re8 26. Qf1 Bg6 27. Qd1 b6 28. b3
Qc3 29. Bd2 Qd4+ 30. Kh1 Rxe2 31. Qxe2 Qa1+ 32. Kh2 Qe5+ 33. Qxe5 dxe5 34. Be3
Kf8 35. g4 Bc2 36. a5 bxa5 37. Bxc5+ Ke8 38. Bb6 a4 39. bxa4 Bxa4 40. Ba5 b3 41.
Bc3 f6 42. c5 Kd7 43. Kg2 Kc7 44. Kf2 Bb5 45. Ke3 g6 46. Ke4 Be2 47. f4 exf4 48.
Kxf4 g5+ 49. Kf5 Bf1 50. Kxf6 Bxh3 51. Kg6 Bxg4 52. Kxh6 Bf3 53. d6+ Kd7 54.
Kxg5 Ke6 55. Kf4 Bc6 56. Ke3 Kd5 57. Kd3 Kxc5 58. Bb2 Kxd6 {Game drawn by mutual
agreement} 1/2-1/2

[Event "Team 45 45 League T46"]
[Site "Internet Chess Club"]
[Date "2010.08.27"]
[Round "4"]
[White "seattleblues"]
[Black "tightfist"]
[Result "1-0"]
[WhiteElo "1273"]
[BlackElo "1532"]
[Opening "Ruy Lopez: closed, Bogolyubov variation"]
[ECO "C91"]
[Time "21:35:08"]
[TimeControl "2700+45"]

1. e4 e5 2. Nf3 Nc6 3. Bb5 a6 4. Ba4 b5 5. Bb3 Be7 6. O-O Nf6 7. Re1 O-O 8. c3
d6 9. d4 Bg4 10. dxe5 Nxe5 11. Nbd2 Rc8 12. Re3 Re8 13. Qc2 c5 14. a3 c4 15. Ba2
Qd7 16. Nd4 Rc5 17. b4 Rc7 18. Nf1 Nd3 19. Ng3 Bd8 20. Bb1 Nh5 21. Nxh5 Bxh5 22.
Ne2 Bg6 23. f3 Bg5 24. f4 Nxf4 25. Nxf4 Bxf4 26. Re1 d5 27. Bxf4 dxe4 28. Bxc7
e3 29. Qc1 Qxc7 30. Bxg6 hxg6 31. Rxe3 Rd8 32. Qe1 Qb6 33. Kh1 Qc6 34. Rd1 Rf8
35. Rd2 g5 36. Rde2 g6 37. Re8 Kg7 38. Rxf8 Kxf8 39. h3 Qf6 40. Re8+ Kg7 41. Qe5
Qxe5 42. Rxe5 Kf6 43. Re1 Kf5 44. Kg1 f6 45. Kf2 g4 46. hxg4+ Kxg4 47. Re4+ Kf5
48. Kf3 g5 49. g4+ Kg6 50. Re6 Kf7 51. Rxa6 Kg6 52. Rb6 Kg7 53. Rxb5 Kf7 54. Rc5
Ke6 55. Rxc4 Kd5 56. Rc8 Kd6 57. a4 Kd7 58. Rc4 Kd6 59. a5 Kd5 60. Rc8 Kd6 61.
a6 Kd7 62. Rc4 {Black resigns} 1-0

[Event "Team 45 45 League T46"]
[Site "Internet Chess Club"]
[Date "2010.08.27"]
[Round "4"]
[White "Buford-Julep"]
[Black "loserloser"]
[Result "0-1"]
[WhiteElo "1718"]
[BlackElo "1751"]
[Opening "King's Indian: Gligoric-Taimanov system"]
[ECO "E92"]
[Time "12:30:30"]
[TimeControl "2700+45"]

1. c4 Nf6 2. Nc3 g6 3. e4 d6 4. d4 Bg7 5. Nf3 O-O 6. Be2 e5 7. Be3 Na6 8. O-O
Ng4 9. Bg5 Qe8 10. dxe5 dxe5 11. h3 h6 12. Bc1 Nf6 13. Be3 b6 14. a3 Bb7 15. Qc2
Nc5 16. Nd2 Ne6 17. f3 Nh5 18. b4 Nhf4 19. Nb3 Qd8 20. Rfd1 Qg5 21. Bf1 Nxh3+
22. Kh2 Qxe3 23. Kxh3 Qf4 24. g3 Qxf3 25. Bg2 Qh5# {White checkmated} 0-1